AoeStats
← Pallesen

Pilgrims

509053983Analyzed
4v4 RM · 7d ago on Sep 25, 2026· 77m 18s· 8 players
Game mode
Random Map
Map size
Large (8 player)
Population
200
Speed
Normal
Resources
Standard
Victory
Conquest
Starting age
Dark Age
Ending age
Imperial Age
RankedLock teamsTeams togetherTeam positionsShared explorationLock speedFull tech treeHidden civsTurbo modeCheats
Victory
Defeat
🇩🇰 Byzantines · Denmark
1229
+15
🇨🇳 Varangians · China
1206
+16
🇺🇦 Saxons · Ukraine
1204
+16
🇨🇳 Japanese · China
1138
+17
🇨🇳 Berbers · China
1228
-18
🇨🇳 Byzantines · China
1201
-16
🇹🇼 Armenians · Taiwan
1178
-15
🇻🇳 Khmer · Vietnam
1177
-15
KhmerEmpire9164
6:48 Loom
18:12 Feudal Age
20:30 Horse Collar
23:19 Castle Age
23:15 Stone Mining
23:13 Double-Bit Axe
23:22 Gold Mining
24:31 Wheelbarrow
26:08 Bow Saw
27:44 Gold Shaft Mining
31:25 Hand Cart
32:36 Stone Shaft Mining
33:14 Heavy Plow
39:15 Imperial Age
38:09 Husbandry
38:20 Bloodlines
37:30 Light Cavalry
38:18 Scale Barding Armor
39:42 Forging
40:19 Conscription
41:31 Chain Barding Armor
41:42 Double Crossbow
42:25 Town Watch
43:26 Plate Barding Armor
44:12 Iron Casting
44:16 Hussar
48:09 Town Patrol
49:12 Crop Rotation
49:49 Heavy Scorpion
51:31 Murder Holes
52:38 Chemistry
52:49 Blast Furnace
62:50 Caravan
Not.ACCM
5:47 Loom
9:12 Feudal Age
12:36 Wheelbarrow
12:13 Fishing Lines
13:00 Double-Bit Axe
17:43 Castle Age
15:47 Scale Mail Armor
16:31 Forging
16:39 Gold Mining
17:26 Man-at-Arms
18:49 Squires
33min
11:47 Feudal Age
10:04 Loom
11:50 Feudal Age
16:11 Castle Age
15:17 Double-Bit Axe
17:05 Medium Warships
17:20 Fletching
19:19 Bow Saw
19:22 Fishing Lines
29:41 Gillnets
32:25 Imperial Age
31:15 Masonry
31:35 Fletching
31:45 Padded Archer Armor
33:16 Bodkin Arrow
33:37 Leather Archer Armor
35:05 Ballistics
41:51 Wheelbarrow
48:45 Gold Mining
50:38 Horse Collar
51:21 Hand Cart
50:28 Cavalier
51:20 Bloodlines
51:10 Husbandry
52:53 Forging
52:48 Scale Barding Armor
53:46 Scale Barding Armor
55:26 Chain Barding Armor
55:41 Iron Casting
57:33 Plate Barding Armor
57:29 Conscription
57:10 Maghrebi Camels
57:50 Gold Shaft Mining
57:05 Stone Mining
57:28 Heavy Plow
57:57 Light Cavalry
59:06 Hussar
61:52 Blast Furnace
60:52 Heavy Camel Rider
64:43 Coinage
64:25 Guilds
尹佳蓝可爱捏
10:39 Loom
13:15 Feudal Age
14:04 Double-Bit Axe
15:41 Wheelbarrow
18:53 Castle Age
17:13 Forging
17:03 Scale Mail Armor
17:13 Forging
17:03 Scale Mail Armor
17:29 Arson
17:45 Fishing Lines
18:08 Fletching
20:01 Gambesons
20:16 Squires
20:01 Gambesons
20:16 Squires
20:47 Gold Mining
24:00 Chain Mail Armor
27:02 Gillnets
29:29 Iron Casting
28:39 Horse Collar
31:49 Scale Barding Armor
32:48 Heavy Plow
32:34 Crossbowman
34:12 Bodkin Arrow
34:39 Padded Archer Armor
34:47 Thumb Ring
36:17 Leather Archer Armor
38:43 Ballistics
39:18 Chain Barding Armor
44:18 Imperial Age
42:21 Hand Cart
42:16 Husbandry
44:38 Arbalester
45:20 Bracer
45:50 Ring Archer Armor
45:20 Bracer
45:50 Ring Archer Armor
46:26 Chemistry
46:46 Fortified Wall
46:35 Onager
51:39 Gold Shaft Mining
50:54 Stone Mining
51:40 Gold Shaft Mining
50:55 Stone Mining
51:41 Conscription
51:15 Cavalier
52:25 Treadmill Crane
53:30 Hoardings
54:27 Plate Barding Armor
56:27 Plate Mail Armor
55:19 Paladin
58:30 Logistica
59:17 Elite Cataphract
74:48 Murder Holes
Don'tPushTheHorses
4:10 Loom
14:09 Feudal Age
16:44 Double-Bit Axe
21:54 Castle Age
25:41 Fletching
26:26 Bodkin Arrow
27:45 Wheelbarrow
27:25 Fishing Lines
28:12 Gillnets
29:03 Gold Mining
30:13 Ballistics
29:44 Town Watch
33:51 Gold Shaft Mining
35:57 Imperial Age
34:28 Bow Saw
36:37 Hand Cart
36:06 Elite Longship
39:03 Chemistry
38:24 Town Patrol
38:31 Bracer
41:43 Conscription
40:45 Shield Wall
40:49 Elite Hearth Troop
42:31 Two-Man Saw
42:47 Forging
42:37 Scale Mail Armor
43:37 Caravan
44:02 Elite Varangian Guard
44:28 Gambesons
44:44 Squires
44:38 Arson
45:11 Chain Mail Armor
45:32 Iron Casting
46:28 Murder Holes
46:18 Treadmill Crane
48:52 Plate Mail Armor
52:30 Capped Ram
54:10 Shipwright
53:25 Siege Ram
58:41 Scale Barding Armor
58:37 Padded Archer Armor
58:23 Treadmill Crane
58:55 Masonry
64:02 Pikeman
64:18 Pikeman
65:38 Siege Engineers
65:40 Halberdier
67:18 Architecture
76:27 Coinage
76:08 Guilds
Pallesen
9:58 Loom
13:42 Feudal Age
16:06 Gold Mining
19:17 Castle Age
18:54 Double-Bit Axe
19:53 Wheelbarrow
22:01 Fishing Lines
25:07 Hand Cart
24:41 Horse Collar
25:46 Stone Mining
29:44 Heavy Plow
29:39 Gillnets
30:58 Gold Shaft Mining
31:48 Forging
31:43 Scale Barding Armor
34:40 Imperial Age
34:01 Chain Barding Armor
35:21 Stone Shaft Mining
35:35 Iron Casting
37:14 Plate Barding Armor
37:44 Elite Cataphract
38:53 Husbandry
39:59 Logistica
40:15 Fletching
41:13 Conscription
42:36 Capped Ram
46:27 Bodkin Arrow
46:33 Padded Archer Armor
46:50 Bow Saw
47:04 Elite Skirmisher
48:01 Bracer
48:16 Leather Archer Armor
49:04 Chemistry
49:26 Thumb Ring
49:57 Scale Mail Armor
50:28 Ring Archer Armor
50:43 Crossbowman
50:57 Pikeman
51:50 Squires
52:24 Chain Mail Armor
53:25 Two-Man Saw
52:07 Siege Ram
53:11 Murder Holes
53:28 Halberdier
59:01 Plate Mail Armor
59:10 Crop Rotation
59:06 Light Cavalry
61:29 Hussar
69:26 Guilds
70:47 Caravan
76:42 Ballistics
76:34 Fortified Wall
75:58 Cavalier
liuyun.yun1
5:57 Loom
8:50 Loom
14:19 Feudal Age
19:02 Castle Age
26:06 Imperial Age
33:15 Yasama
33:26 Double-Bit Axe
37:07 Guard Tower
39:10 Keep
40:09 Fletching
40:42 Ballistics
40:48 Bodkin Arrow
43:00 Masonry
42:38 Arrowslits
43:28 Treadmill Crane
46:59 Chemistry
46:16 Bracer
46:55 Kataparuto
49:37 Conscription
50:56 Wheelbarrow
50:06 Town Watch
50:09 Horse Collar
53:29 Hand Cart
53:14 Town Patrol
54:47 Pikeman
55:27 Squires
55:14 Arson
55:57 Halberdier
57:26 Hoardings
56:23 Halberdier
57:28 Scale Mail Armor
57:29 Padded Archer Armor
57:39 Forging
57:38 Caravan
57:23 Elite Skirmisher
58:09 Thumb Ring
58:41 Bow Saw
60:08 Chain Mail Armor
60:08 Leather Archer Armor
60:29 Iron Casting
61:29 Plate Mail Armor
65:58 Two-Man Saw
65:10 Heavy Plow
66:13 Blast Furnace
65:44 Ring Archer Armor
65:20 Scale Barding Armor
69:14 Chain Barding Armor
70:15 Fishing Lines
71:42 Siege Engineers
71:51 Clinker Construction
71:52 Careening
73:24 Bloodlines
73:14 Husbandry
72:34 Light Cavalry
wjc980418
11:12 Feudal Age
14:58 Castle Age
18:29 Wheelbarrow
24:48 Scale Mail Armor
25:31 Gold Mining
28:10 Chain Mail Armor
28:05 Double-Bit Axe
32:17 Imperial Age
30:05 Squires
29:52 Arson
30:28 Bow Saw
31:45 Forging
34:49 Plate Mail Armor
34:03 Heavy Scorpion
34:47 Elite Varangian Guard
36:00 Plate Mail Armor
37:24 Loom
40:23 Iron Casting
44:25 Blast Furnace
46:31 Siege Engineers
47:15 Scale Barding Armor
49:43 Light Cavalry
51:03 Bloodlines
50:54 Husbandry
50:45 Pikeman
52:50 Hussar
54:49 Chain Barding Armor
63:39 Horse Collar
65:12 Two-Man Saw
68:56 Plate Barding Armor
72:02 Capped Ram
76:21 Heavy Plow
76:15 Fletching
Connection lost

Rejoining the realm…

Still unreachable

The connection could not be restored.

Session expired

The server has moved on; the page needs a fresh start.